 Dungeon Crawl Stone Soup version 0.31-a0-833-gc15d34cb79 (webtiles) character file.

Game seed: 11049431221391517573

17 javelincjr the Ruffian (level 2, -2/21 HPs)
             Began as a Demonspawn Shapeshifter on Sept 25, 2023.
             Slain by Natasha (8 damage)
             ... on level 3 of the Dungeon.
             The game lasted 00:03:02 (1165 turns).

javelincjr the Ruffian (Demonspawn Shapeshifter)    Turns: 1165, Time: 00:03:02

Health: -2/21      AC:  2    Str: 14    XL:     2   Next: 44%
Magic:  2/2        EV: 12    Int: 11    God:
Gold:   45         SH:  0    Dex: 18    Spells: 1/1 levels left

rFire   . .          .
                       - Unarmed
rCold   . . .        (no shield)
rNeg    . . .        a - +0 animal skin
rPois   .            (helmet currently unavailable)
rElec   .            (cloak currently unavailable)
rCorr   .            (gloves currently unavailable)
SInv    .            (boots currently unavailable)
Will    .....        (no amulet)
Stlth   ++           h - +6 ring of dexterity
HPRegen 0.23/turn    k - ring of flight
MPRegen 0.08/turn

%: no passive effects
@: beast-form, flying
A: beast (slay +1), claws 1
a: Begin Untransformation


You were on level 3 of the Dungeon.
You were a hulking beast.
You visited 1 branch of the dungeon, and saw 4 of its levels.

You collected 45 gold pieces.

Inventory:

Armour
 a - a +0 animal skin (worn)
Jewellery
 h - a +6 ring of dexterity (left claw)
 k - a ring of flight (right claw)
Talismans
 c - a beast talisman (active)
 d - a flux talisman
Scrolls
 e - a scroll of revelation {unknown}
 g - 3 scrolls of immolation {unknown}
 i - a scroll of blinking {unknown}
 l - a scroll of poison {unknown}
 m - a scroll of teleportation {unknown}
Potions
 b - a potion of lignification
 f - 2 potions of attraction {unknown}
 j - a potion of enlightenment {unknown}


   Skills:
 + Level 1.4 Fighting
 + Level 2.0 Dodging
 + Level 2.9 Unarmed Combat
 + Level 2.9 Shapeshifting


You had one spell level left.
You didn't know any spells.
Your spell library was empty.

Dungeon Overview and Level Annotations

Branches:
Dungeon (4/15)
 Temple: D:4-7

Altars:

Shops:
D:3 !

Annotations:
D:3 Natasha, Terence


Innate Abilities, Weirdness & Mutations

You are a hulking beast.
Your limbs bulge with bestial killing power. (Slay +1)
You have sharp fingernails.


Message History

You fly up into the air.
k - a ring of flight (right claw)
Found a chain mail.
Found Huteger's Distillery.
You see here 5 stones.
There is an entrance to Huteger's Distillery here.
Found a chain mail.
A frilled lizard and a ball python come into view.
The ball python closely misses you. x2
You scratch the ball python.
The ball python is severely wounded.
The ball python misses you. The ball python barely misses you.
You claw the ball python!
You kill the ball python!
The frilled lizard barely misses you.
You closely miss the frilled lizard. The frilled lizard bites you.
You scratch the frilled lizard.
You kill the frilled lizard!
No target in view!
You see here a frilled lizard corpse.
Found a scroll labelled WUXEER SIS.
m - a scroll labelled WUXEER SIS Terence the Incautious comes into view.
He is wielding a +0 flail.
Natasha, Servant of Life and Death comes into view.
Natasha hisses angrily.
Natasha moves out of view.
Natasha hisses.
Natasha mumbles some strange words.
You scratch Terence but do no damage. Terence barely misses you.
You closely miss Natasha.
The cerulean imp hits you from afar with a +1 spear.
Terence misses you. Natasha claws you but does no damage.
You claw Natasha!
Natasha is heavily wounded.
The cerulean imp hits you but does no damage.
Terence hits you with a +0 flail!
* * * LOW HITPOINT WARNING * * *
Natasha claws you!
You die...
Natasha begins licking her fur clean.

### ### #.# #.#
##.###.# ....##.#
##..##.#
.......#############
...................#
##..............h.5#
##..............h@##
...#####.##.####...#
...# #.##.# #.....
##.# #.##.. #.....#
##.# #.##... #.....#
...# #.##..........#
##.# ......# .....


You could see Terence, Natasha and a cerulean imp (summoned).

Vanquished Creatures
  A bat (D:1)
  2 endoplasms (D:1)
  A giant cockroach (D:1)
  2 goblins (D:1)
  2 hobgoblins (D:1)
  2 quokkas
  3 ball pythons
  A frilled lizard (D:3)
14 creatures vanquished.

Notes
Turn   | Place    | Note
-------+----------+-------------------------------------------
     0 | D:1      | javelincjr the Demonspawn Shapeshifter began the quest for
                  | the Orb.
     0 | D:1      | Reached XP level 1. HP: 15/15 MP: 1/1
   459 | D:1      | Gained mutation: You have sharp fingernails. [demonic
                  | ancestry]
   459 | D:1      | Reached XP level 2. HP: 16/21 MP: 2/2
  1072 | D:2      | You fall into a shaft and drop 2 floors!
  1101 | D:3      | Found Huteger's Distillery.
  1156 | D:3      | Noticed Terence
  1159 | D:3      | Noticed Natasha
  1165 | D:3      | Slain by Natasha

Illustrated notes

Levels and vault maps discovered:
D:1:      nicolae_arrival_somewhat_less_tricky_arrival, layout_basic,
          minmay_misc_feat_pillars, kennysheep_boxes
D:2:      layout_basic, minmay_split_cup_small
D:3:      layout_basic, mainiacjoe_overflow_alcove_2,
          mainiacjoe_overflow_small_starburst,
          nicolae_overflow_quartered_altars, serial_shops, shop,
          chequers_serial_rivers_micro_e, st_stairs_7, uniq_sigmund,
          uniq_natasha, uniq_terence
D:4:      layout_cave_pools, uniq_ijyb

Skill      XL: |  1 |
---------------+----+-----
Dodging        | 2 |  2.0
Fighting       | |  1.4
Unarmed Combat | |  2.9
Shapeshifting  | |  2.9

Action                     || total
---------------------------++-------
  Melee: Unarmed           ||    37
         Punch             ||     1
 Armour: Animal skin       ||    22
  Dodge: Dodged            ||    19

Table legend: (Time is in decaauts)
 A = Elapsed time spent in this place.
 B = Non-inter-level travel time spent in this place.
 C = Inter-level travel time spent in this place.
 D = Time resting spent in this place.
 E = Time spent auto-exploring this place.
 F = Levels seen in this place.
 G = Mean time per level.
                   A        B        C        D        E       F      G
               +--------+--------+--------+--------+--------+-----+--------+
         Total |   1161 |   1136 |     25 |      0 |    949 |   4 |  290.2 |
       Dungeon |   1161 |   1136 |     25 |      0 |    949 |   4 |  290.2 |
               +--------+--------+--------+--------+--------+-----+--------+

Top non-repeatable levels by time:
     D:1: 991 daAuts
     D:2: 78 daAuts
     D:3: 68 daAuts
     D:4: 22 daAuts
